EL
TENNESSEE SMOKIES @ COLORADO (EL) ROCKIES
09/07/2048
 
TOP OF THE 1ST
Tennessee Smokies batting - Pitching for Colorado (EL) Rockies : RHP Josh Blaschke
Pitching: RHP Josh Blaschke
Batting: RHB Khalil Stephens 0-0: Ball
1-0: Ball
2-0: Ball
3-0: Base on Balls
Batting: RHB David Barnard 0-0: Foul Ball, location: 2F
0-1: Ball
1-1: Ball
2-1: Ball
Khalil Stephens steals 2nd base
3-1: 2-RUN HOME RUN (Flyball, 8RXD, EV 108.8 MPH), Distance : 422 ft
Batting: RHB Brad Santanello 0-0: Ball
1-0: Swinging Strike
1-1: Called Strike
1-2: Ball
2-2: Foul Ball, location: 2F
2-2: Strikes out looking
Batting: LHB Angel Oropeza 0-0: Called Strike
0-1: Ball
1-1: Ball
2-1: Ground out U3 (Groundball, 3, EV 88.1 MPH)
Batting: RHB Armando Vilano 0-0: Ball
1-0: Ball
2-0: Swinging Strike
2-1: Called Strike
2-2: Fly out, F8 (Flyball, 78D, EV 95.0 MPH)
Top of the 1st over - 2 runs, 1 hit, 0 errors, 0 left on base; Tennessee 2 - Colorado (EL) 0
BOTTOM OF THE 1ST
Colorado (EL) Rockies batting - Pitching for Tennessee Smokies : RHP Bogdan Sdobnyakov
Pitching: RHP Bogdan Sdobnyakov
Batting: SHB Bobby Santor 0-0: Ball
1-0: Ball
2-0: Ball
3-0: Called Strike
3-1: SINGLE (Groundball, 6MD, EV 106.2 MPH)
Batting: SHB Craig Ruzic 0-0: Grounds into double play, 4-6-3 (Groundball, 34D, EV 106.2 MPH)
Batting: RHB John Corfield 0-0: Ball
1-0: Ground out 6-3 (Groundball, 6, EV 79.4 MPH)
Bottom of the 1st over - 0 runs, 1 hit, 0 errors, 0 left on base; Tennessee 2 - Colorado (EL) 0
TOP OF THE 2ND
Tennessee Smokies batting - Pitching for Colorado (EL) Rockies : RHP Josh Blaschke
Batting: RHB Tim Long 0-0: Reached on error, E4 (Groundball, 4, EV 99.4 MPH)
Batting: RHB Sung-hwan Jung 0-0: Ball
1-0: Swinging Strike
1-1: SINGLE (Groundball, 34D, EV 108.8 MPH)
Tim Long to third
Batting: RHB Jonathan Sotelo 0-0: Ball
1-0: Ball
2-0: Fly out, F9 (Flyball, 89M, EV 95.6 MPH)
Batting: RHB Alvaro Romero 0-0: Foul Ball, location: 2F
0-1: Swinging Strike
0-2: Fly out, F8 (Flyball, 8LD, EV 95.6 MPH)
Runner from 3rd tags up, SCORES, throw by CF
Batting: RHB Khalil Stephens 0-0: Called Strike
0-1: Ball
1-1: Foul Ball, location: 2F
1-2: Fielders Choice at 2nd, U4 (Groundball, 4M, EV 80.0 MPH)
Top of the 2nd over - 1 run, 1 hit, 1 error, 1 left on base; Tennessee 3 - Colorado (EL) 0
BOTTOM OF THE 2ND
Colorado (EL) Rockies batting - Pitching for Tennessee Smokies : RHP Bogdan Sdobnyakov
Batting: LHB Mick Tucker 0-0: Foul Ball, location: 2F
0-1: Ball
1-1: Swinging Strike
1-2: Foul Ball, location: 2F
1-2: SINGLE (Line Drive, 8RS, EV 108.1 MPH)
Batting: RHB Chris Osting 0-0: Ball
Mick Tucker is caught stealing 2nd base 2-4
1-0: Ball
2-0: Called Strike
2-1: Called Strike
2-2: Ball
3-2: Ground out 6-3 (Groundball, 6, EV 90.0 MPH)
Batting: RHB Juan Gallardo 0-0: Ball
1-0: Foul Ball, location: 2F
1-1: Swinging Strike
1-2: Ball
2-2: Ball
3-2: Base on Balls
Batting: RHB Chris Kinder 0-0: Ball
1-0: Called Strike
1-1: Ball
2-1: Fielders Choice at 2nd, 6-4 (Groundball, 6, EV 85.0 MPH)
Bottom of the 2nd over - 0 runs, 1 hit, 0 errors, 1 left on base; Tennessee 3 - Colorado (EL) 0
TOP OF THE 3RD
Tennessee Smokies batting - Pitching for Colorado (EL) Rockies : RHP Josh Blaschke
Batting: RHB David Barnard 0-0: Ball
1-0: Ball
2-0: Ball
3-0: Called Strike
3-1: Fly out, F9 (Flyball, 89M, EV 88.1 MPH)
Batting: RHB Brad Santanello 0-0: Ball
1-0: Ground out 4-3 (Groundball, 34, EV 101.9 MPH)
Batting: LHB Angel Oropeza 0-0: Ball
1-0: Ball
2-0: Foul Ball, location: 2F
2-1: Ground out 4-3 (Groundball, 34, EV 100.6 MPH)
Top of the 3rd over - 0 runs, 0 hits, 0 errors, 0 left on base; Tennessee 3 - Colorado (EL) 0
BOTTOM OF THE 3RD
Colorado (EL) Rockies batting - Pitching for Tennessee Smokies : RHP Bogdan Sdobnyakov
Batting: RHB Carlos de Jesus 0-0: Ball
1-0: Called Strike
1-1: Ground out 6-3 (Groundball, 56, EV 104.4 MPH)
Batting: RHB Pei Xie 0-0: Fly out, F7 (Flyball, 78S, EV 91.2 MPH)
Batting: SHB Bobby Santor 0-0: Foul Ball, location: 2F
0-1: Ball
1-1: SINGLE (Groundball, 6MS, EV 67.5 MPH) (infield hit)
Batting: SHB Craig Ruzic 0-0: Ball
Bobby Santor steals 2nd base
1-0: Ball
2-0: Ball
3-0: Called Strike
3-1: Ground out 6-3 (Groundball, 6M, EV 89.4 MPH)
Bottom of the 3rd over - 0 runs, 1 hit, 0 errors, 1 left on base; Tennessee 3 - Colorado (EL) 0
TOP OF THE 4TH
Tennessee Smokies batting - Pitching for Colorado (EL) Rockies : RHP Josh Blaschke
Batting: RHB Armando Vilano 0-0: Ball
1-0: Foul Ball, location: 2F
1-1: Ball
2-1: Swinging Strike
2-2: Ground out 5-3 (Groundball, 56, EV 101.2 MPH)
Batting: RHB Tim Long 0-0: Ball
1-0: SINGLE (Groundball, 56D, EV 99.4 MPH) (infield hit)
Batting: RHB Sung-hwan Jung 0-0: Fly out, F7 (Flyball, 7LS, EV 87.5 MPH)
Batting: RHB Jonathan Sotelo 0-0: Foul Ball, location: 2F
0-1: Called Strike
0-2: Foul Ball, location: 2F
0-2: Fielders Choice at 2nd, 6-4 (Groundball, 6, EV 82.5 MPH)
Top of the 4th over - 0 runs, 1 hit, 0 errors, 1 left on base; Tennessee 3 - Colorado (EL) 0
BOTTOM OF THE 4TH
Colorado (EL) Rockies batting - Pitching for Tennessee Smokies : RHP Bogdan Sdobnyakov
Batting: RHB John Corfield 0-0: Called Strike
0-1: Ball
1-1: Foul Ball, location: 2F
1-2: Ball
2-2: Strikes out looking
Batting: LHB Mick Tucker 0-0: Foul Ball, location: 2F
0-1: Ball
1-1: SOLO HOME RUN (Flyball, 7D, EV 103.1 MPH), Distance : 397 ft
Batting: RHB Chris Osting 0-0: Ball
1-0: Ball
2-0: Called Strike
2-1: Ball
3-1: Foul Ball, location: 2F
3-2: Strikes out swinging
Batting: RHB Juan Gallardo 0-0: Called Strike
0-1: Ball
1-1: Ball
2-1: Called Strike
2-2: SINGLE (Line Drive, 8LS, EV 96.2 MPH)
Batting: RHB Chris Kinder 0-0: Ball
1-0: Ball
2-0: Ball
3-0: Base on Balls
Juan Gallardo to second
Batting: RHB Carlos de Jesus 0-0: Foul Ball, location: 2F
0-1: Reached on error, E3 (Groundball, 3, EV 91.9 MPH)
Juan Gallardo to third
Chris Kinder to second
Batting: RHB Pei Xie 0-0: Called Strike
0-1: Ball
1-1: Called Strike
1-2: Strikes out swinging
Bottom of the 4th over - 1 run, 2 hits, 1 error, 3 left on base; Tennessee 3 - Colorado (EL) 1
TOP OF THE 5TH
Tennessee Smokies batting - Pitching for Colorado (EL) Rockies : RHP Josh Blaschke
Batting: RHB Alvaro Romero 0-0: Ball
1-0: Ball
2-0: Ground out 6-3 (Groundball, 56, EV 104.4 MPH)
Batting: RHB Khalil Stephens 0-0: Called Strike
0-1: Swinging Strike
0-2: Ball
1-2: Ball
2-2: Ball
3-2: Foul Ball, location: 2F
3-2: Base on Balls
Batting: RHB David Barnard 0-0: Ball
Khalil Stephens steals 2nd base
1-0: Foul Ball, location: 2F
1-1: Ball
2-1: Fly out, F8 (Flyball, 8RD, EV 88.1 MPH)
Batting: RHB Brad Santanello 0-0: Ball
1-0: Ball
2-0: Ball
3-0: Called Strike
3-1: Foul Ball, location: 2F
3-2: Base on Balls
Batting: LHB Angel Oropeza 0-0: Ball
1-0: Ball
2-0: Ball
3-0: Called Strike
3-1: Foul Ball, location: 2F
3-2: Foul Ball, location: 2F
3-2: Foul Ball, location: 2F
3-2: Base on Balls
Khalil Stephens to third
Brad Santanello to second
Batting: RHB Armando Vilano 0-0: Ball
1-0: SINGLE (Flyball, 8RS, EV 90.0 MPH)
Khalil Stephens scores
Brad Santanello to third
Angel Oropeza to second
Pitching: RHP Manny Lebron
Batting: RHB Tim Long 0-0: SINGLE (Flyball, 7LM, EV 91.9 MPH)
Brad Santanello scores
Angel Oropeza to third
Armando Vilano to second
Runner from 3rd tries for Home, SAFE, throw by LF to home
Batting: RHB Sung-hwan Jung 0-0: Ground out 1-3 (Groundball, 15S, EV 71.2 MPH)
Top of the 5th over - 3 runs, 2 hits, 0 errors, 2 left on base; Tennessee 6 - Colorado (EL) 1
BOTTOM OF THE 5TH
Colorado (EL) Rockies batting - Pitching for Tennessee Smokies : RHP Bogdan Sdobnyakov
Batting: SHB Bobby Santor 0-0: Called Strike
0-1: Foul Ball, location: 2F
0-2: Ball
1-2: Strikes out looking
Batting: SHB Craig Ruzic 0-0: Fly out, F7 (Flyball, 7, EV 89.4 MPH)
Batting: RHB John Corfield 0-0: Hit by Pitch
Batting: LHB Mick Tucker 0-0: Ball
1-0: Ground out 6-3 (Groundball, P, EV 84.4 MPH)
Bottom of the 5th over - 0 runs, 0 hits, 0 errors, 1 left on base; Tennessee 6 - Colorado (EL) 1
TOP OF THE 6TH
Tennessee Smokies batting - Pitching for Colorado (EL) Rockies : RHP Manny Lebron
Batting: RHB Jonathan Sotelo 0-0: Ball
1-0: Ball
2-0: Called Strike
2-1: Ball
3-1: Foul Ball, location: 2F
3-2: Strikes out looking
Batting: RHB Alvaro Romero 0-0: Swinging Strike
0-1: Foul Ball, location: 2F
0-2: Ball
1-2: Foul Ball, location: 2F
1-2: Ball
2-2: Strikes out swinging
Batting: RHB Khalil Stephens 0-0: Ball
1-0: Called Strike
1-1: Foul Ball, location: 2F
1-2: Fly out, F6 (Line Drive, 6, EV 66.9 MPH)
Top of the 6th over - 0 runs, 0 hits, 0 errors, 0 left on base; Tennessee 6 - Colorado (EL) 1
BOTTOM OF THE 6TH
Colorado (EL) Rockies batting - Pitching for Tennessee Smokies : RHP Bogdan Sdobnyakov
Batting: RHB Chris Osting 0-0: Called Strike
0-1: Foul Ball, location: 2F
0-2: Ball
1-2: Ball
2-2: Foul Ball, location: 2F
2-2: Ball
3-2: DOUBLE (Line Drive, 78D, EV 109.4 MPH)
Batting: RHB Juan Gallardo 0-0: Called Strike
0-1: Ground out 5-3 (Groundball, 56, EV 83.8 MPH)
Batting: RHB Chris Kinder 0-0: Ground out 6-3 (Groundball, 6, EV 101.9 MPH)
Pitching: RHP Nikita Eliseenko
Batting: RHB Carlos de Jesus 0-0: Ball
1-0: Called Strike
1-1: Swinging Strike
1-2: Ball
2-2: Foul Ball, location: 2F
2-2: Ball
3-2: Foul Ball, location: 2F
3-2: Strikes out swinging
Bottom of the 6th over - 0 runs, 1 hit, 0 errors, 1 left on base; Tennessee 6 - Colorado (EL) 1
TOP OF THE 7TH
Tennessee Smokies batting - Pitching for Colorado (EL) Rockies : RHP Manny Lebron
Batting: RHB David Barnard 0-0: Foul Ball, location: 2F
0-1: Ball
1-1: SINGLE (Line Drive, 8LS, EV 100.0 MPH)
Batting: RHB Brad Santanello 0-0: Called Strike
David Barnard steals 2nd base
0-1: Ball
1-1: Ball
2-1: Fly out, F5 (Line Drive, 56D, EV 61.2 MPH)
Batting: LHB Angel Oropeza 0-0: Called Strike
0-1: Swinging Strike
0-2: Ball
1-2: Ball
2-2: Ball
3-2: Base on Balls
Batting: RHB Armando Vilano 0-0: Ball
David Barnard is caught stealing 3rd base 2-5
Angel Oropeza to second
1-0: Ball
2-0: Ground out 1-3 (Groundball, 13S, EV 73.8 MPH)
Top of the 7th over - 0 runs, 1 hit, 0 errors, 1 left on base; Tennessee 6 - Colorado (EL) 1
BOTTOM OF THE 7TH
Colorado (EL) Rockies batting - Pitching for Tennessee Smokies : RHP Nikita Eliseenko
Batting: RHB Pei Xie 0-0: Ball
1-0: Called Strike
1-1: Ball
2-1: Ball
3-1: Called Strike
3-2: Strikes out looking
Batting: SHB Bobby Santor 0-0: Ground out 5-3 (Groundball, 5, EV 92.5 MPH)
Batting: SHB Craig Ruzic 0-0: Called Strike
0-1: Ground out 4-3 (Groundball, 4D, EV 109.4 MPH)
Bottom of the 7th over - 0 runs, 0 hits, 0 errors, 0 left on base; Tennessee 6 - Colorado (EL) 1
TOP OF THE 8TH
Tennessee Smokies batting - Pitching for Colorado (EL) Rockies : RHP Manny Lebron
Batting: RHB Tim Long 0-0: Ball
1-0: Ball
2-0: Called Strike
2-1: TRIPLE (Flyball, 89XD, EV 106.2 MPH)
Batting: RHB Sung-hwan Jung 0-0: Ball
1-0: Called Strike
1-1: Ball
2-1: Foul Ball, location: 2F
2-2: Ball
3-2: Ground out 6-3 (Groundball, 6, EV 91.2 MPH)
Tim Long scores
Pitching: RHP Dane Long
Batting: RHB Jonathan Sotelo 0-0: Ball
1-0: Called Strike
1-1: Ball
2-1: Foul Ball, location: 2F
2-2: Foul Ball, location: 2F
2-2: Ball
3-2: Foul Ball, location: 2F
3-2: Strikes out looking
Batting: RHB Alvaro Romero 0-0: Ball
1-0: Foul Ball, location: 2F
1-1: Ball
2-1: Ball
3-1: Base on Balls
Batting: RHB Khalil Stephens 0-0: Ball
Alvaro Romero is caught stealing 2nd base 2-4
Top of the 8th over - 1 run, 1 hit, 0 errors, 0 left on base; Tennessee 7 - Colorado (EL) 1
BOTTOM OF THE 8TH
Colorado (EL) Rockies batting - Pitching for Tennessee Smokies : RHP Nikita Eliseenko
Batting: RHB John Corfield 0-0: Ball
1-0: Ball
2-0: Called Strike
2-1: Ground out 3-1 (Groundball, 34, EV 85.0 MPH)
Batting: LHB Mick Tucker 0-0: Called Strike
0-1: Ball
1-1: Ground out 4-3 (Groundball, 34, EV 90.0 MPH)
Batting: RHB Chris Osting 0-0: Ball
1-0: Called Strike
1-1: Ground out 6-3 (Groundball, 6M, EV 83.1 MPH)
Bottom of the 8th over - 0 runs, 0 hits, 0 errors, 0 left on base; Tennessee 7 - Colorado (EL) 1
TOP OF THE 9TH
Tennessee Smokies batting - Pitching for Colorado (EL) Rockies : RHP Dane Long
Batting: RHB Khalil Stephens 0-0: Ball
1-0: Ball
2-0: Called Strike
2-1: Ball
3-1: SINGLE (Line Drive, 34, EV 110.0 MPH)
Batting: RHB David Barnard 0-0: Called Strike
0-1: Called Strike
0-2: Ground out 5-3 (Groundball, 5L, EV 98.8 MPH)
Khalil Stephens to second
Pitching: RHP Mike Clark
Batting: RHB Brad Santanello 0-0: Called Strike
0-1: Foul Ball, location: 2F
0-2: SINGLE (Groundball, 4MD, EV 98.1 MPH)
Khalil Stephens to third
Runner from 3rd tries for Home, SAFE, throw by CF to home
Batting: LHB Angel Oropeza 0-0: Ball
1-0: Ball
Brad Santanello steals 2nd base
2-0: Called Strike
2-1: SINGLE (Groundball, 4MD, EV 98.8 MPH)
Brad Santanello to third
Pinch Hitting: SHB Karl Starnes 0-0: Grounds into double play, 3-6-1 (Groundball, 34S, EV 91.9 MPH)
Top of the 9th over - 1 run, 3 hits, 0 errors, 1 left on base; Tennessee 8 - Colorado (EL) 1
BOTTOM OF THE 9TH
Colorado (EL) Rockies batting - Pitching for Tennessee Smokies : RHP Nikita Eliseenko
Now at 3B: Karl Starnes
Batting: RHB Juan Gallardo 0-0: Called Strike
0-1: Ball
1-1: Fly out, F8 (Flyball, 8RXD, EV 106.2 MPH)
Batting: RHB Chris Kinder 0-0: Called Strike
0-1: Ball
1-1: Swinging Strike
1-2: Ball
2-2: Foul Ball, location: 2F
2-2: Foul Ball, location: 2F
2-2: Foul Ball, location: 2F
2-2: Fly out, F8 (Flyball, 8RXD, EV 88.1 MPH)
Batting: RHB Carlos de Jesus 0-0: Called Strike
0-1: Ball
1-1: Ball
2-1: Ball
3-1: Base on Balls
Batting: RHB Pei Xie 0-0: DOUBLE (Line Drive, 9LS, EV 94.4 MPH)
Carlos de Jesus to third
Batting: SHB Bobby Santor 0-0: Called Strike
0-1: 3-RUN HOME RUN (Flyball, 9LD, EV 105.0 MPH), Distance : 410 ft
Pitching: RHP Heriberto Esquivel
Batting: SHB Craig Ruzic 0-0: Called Strike
0-1: Ball
1-1: Swinging Strike
1-2: Ball
2-2: SINGLE (Groundball, 6, EV 98.8 MPH)
Batting: RHB John Corfield 0-0: Ball
1-0: Ball
2-0: Ball
3-0: Base on Balls
Craig Ruzic to second
Batting: LHB Mick Tucker 0-0: Ball
1-0: Swinging Strike
1-1: Ball
2-1: Called Strike
2-2: Ball
3-2: Fly out, F7 (Flyball, 7, EV 86.2 MPH)
Bottom of the 9th over - 3 runs, 3 hits, 0 errors, 2 left on base; Tennessee 8 - Colorado (EL) 4
Tuesday, March 28th , 2023 - OOTP Baseball 23.10 Build 110